 Dungeon Crawl Stone Soup version 0.30-a0-726-gd89dcf765f (webtiles) character file.

Game seed: 2177303446335357914

104 demibob the Chopper (level 4, -4/39 HPs)
             Began as a Hill Orc Fighter on Jan 30, 2023.
             Killed from afar by Dowan (8 damage)
             ... with a puff of frost
             ... on level 4 of the Dungeon.
             The game lasted 00:02:53 (2702 turns).

demibob the Chopper (Hill Orc Fighter)              Turns: 2702, Time: 00:02:54

Health: -4/39      AC:  6    Str: 18    XL:     4   Next: 80%
Magic:  4/4        EV:  9    Int:  8    God:
Gold:   134        SH:  0    Dex: 12    Spells: 3/3 levels left

rFire   . . .      SeeInvis .    a - +0 war axe
rCold   . . .      Faith    .    (no shield)
rNeg    . . .      Spirit   .    b - +0 scale mail
rPois   .          Reflect  .    (no helmet)
rElec   .          Harm     .    (no cloak)
rCorr   .          Rampage  .    (no gloves)
Will    .....                    (no boots) Stlth
                                 j - amulet of the acrobat
HPRegen 0.26/turn                (no ring)
MPRegen 0.09/turn                (no ring)

@: mighty, lethally poisoned (-4 -> -23)
A: no striking features
a: no special abilities


You were on level 4 of the Dungeon.
You visited 2 branches of the dungeon, and saw 5 of its levels.

You collected 134 gold pieces.


   Skills:
 - Level 3.6 Fighting
 + Level 6.4 Axes
 - Level 3.2 Armour
 - Level 3.2 Shields


You had 3 spell levels left.
You didn't know any spells.
Your spell library contained the following spells:

 Spells                   Type           Power      Damage    Failure   Level
 Sandblast                Erth           0%         2d4       80%         1
 Shock                    Conj/Air       0%         1d3       80%         1
 Ensorcelled Hibernation  Hex/Ice        0%         N/A       90%         2
 Passwall                 Tmut/Erth      0%         N/A       90%         2
 Stone Arrow              Conj/Erth      0%         3d7       99%         3
 Swiftness                Air            0%         N/A       99%         3
 Airstrike                Air            0%         2d(0-16)  100%        4
 Alistair's Intoxication  Tmut/Pois      0%         N/A       100%        5
 Borgnjor's Vile Clutch   Necr/Erth      0%         N/A       100%        5
 Eringya's Noxious Bog    Tmut/Pois      0%         N/A       100%        6

Inventory:

Hand Weapons
 a - a +0 war axe (weapon)
Armour
 b - a +0 scale mail (worn)
 e - a +0 cloak
 l - a +0 cloak
Jewellery
 j - an amulet of the acrobat (around neck)
 D - a +6 ring of dexterity
 N - a ring of positive energy
Wands
 r - a wand of flame (15)
Scrolls
 c - 2 scrolls of enchant weapon {unknown}
 g - a scroll of magic mapping {unknown}
 h - 2 scrolls of blinking {unknown}
 k - a scroll of identify {unknown}
 m - a scroll of fog {unknown}
 s - a scroll of teleportation {unknown}
 t - a scroll of acquirement {unknown}
Potions
 d - a potion of might
 f - a potion of heal wounds {unknown}
 i - a potion of brilliance {unknown}
 n - a potion of haste {unknown}
 o - a potion of ambrosia {unknown}
 p - a potion of degeneration {unknown}
 q - a potion of magic {unknown}
 u - a potion of lignification {unknown}

Dungeon Overview and Level Annotations

Branches:
Dungeon (4/15)             Temple (1/1) D:4

Altars:
Cheibriados
Elyvilon
Gozag
Kikubaaqudgha
Makhleb
Nemelex Xobeh
Okawaru
Sif Muna
Xom
Zin
The Shining One

Annotations:
D:4 Dowan, Duvessa

#.#.# #. #.#.# # #.
#.#.# .. #. #.# #.###.
#.#.#### #.....
#######.#..... #.....
###.....#.######
##....e##.........#
......e@...>......#
##.######.........#
#.........# #.........#
#.######.........######
#......................
########).......#######
###.##..........
#######.##..########


You could see Duvessa and Dowan.


Message History

You barely miss Duvessa.
Duvessa is moderately wounded.
You slash Dowan!
Duvessa hits you with a +1 rapier of venom.
You are poisoned.
Dowan hits you with a +0 dagger. x2
Duvessa hits you with a +1 rapier of venom.
You are lethally poisoned!
You feel better.
Duvessa hits you with a +1 rapier of venom!
You are poisoned.
Dowan barely misses you.
You completely miss Duvessa.
Duvessa is moderately wounded.
You closely miss Dowan.
You feel very sick.
Dowan smirks and points a slender finger.
Dowan closely misses you.
Duvessa hits you with a +1 rapier of venom!
* * * LOW HITPOINT WARNING * * *
You are lethally poisoned!
You hit Duvessa.
Duvessa is moderately wounded.
You hit Dowan.
* * * LOW HITPOINT WARNING * * *
You feel extremely sick. Duvessa barely misses you.
Dowan points at you and mumbles some strange words.
The puff of frost hits you!
You die...

Skill      XL: |  1  2  3  4 |
---------------+-------------+-----
Axes           | 3 4 5 6 |  6.4
Fighting       | |  3.6
Armour         | |  3.2
Shields        | |  3.2

Action                     |  1- 3 |  4- 6 || total
---------------------------+-------+-------++-------
  Melee: War axe           |    92 |    57 ||   149
         Punch             |       |     1 ||     1
    Use: Potion            |     1 |     2 ||     3
 Armour: Scale mail        |    43 |    14 ||    57
  Dodge: Dodged            |    55 |    35 ||    90

Levels and vault maps discovered:
D:1:      amcnicky_arrival_gap_in_the_tavern_cellar, layout_basic,
          minmay_ruptured
D:2:      layout_loops_cross
D:3:      layout_rooms, grunt_gozag_statues, dreamdust_ecumenical_altar_grove
D:4:      layout_basic, old_standard_altar, lemuel_coloured_pillars_altar,
          minmay_temple_entry_tees, uniq_duvessa
Temple:   nicolae_temple_ecumenical_triangle

Notes
Turn   | Place    | Note
-------+----------+-------------------------------------------
     0 | D:1      | demibob the Hill Orc Fighter began the quest for the Orb.
     0 | D:1      | Reached XP level 1. HP: 19/19 MP: 1/1
    39 | D:1      | Reached skill level 3 in Axes
    92 | D:1      | Reached XP level 2. HP: 23/26 MP: 2/2
   258 | D:1      | Reached skill level 4 in Axes
   554 | D:1      | Reached XP level 3. HP: 31/31 MP: 3/3
  1285 | D:2      | Reached skill level 5 in Axes
  1866 | D:3      | Reached XP level 4. HP: 39/39 MP: 4/4
  1980 | D:3      | Found a faded altar of an unknown god.
  2061 | D:3      | Found an opulent altar of Gozag.
  2192 | D:3      | Reached skill level 6 in Axes
  2307 | D:4      | Found a staircase to the Ecumenical Temple.
  2324 | Temple   | Entered the Ecumenical Temple
  2424 | D:4      | Found a snail-covered altar of Cheibriados.
  2692 | D:4      | Noticed Dowan
  2693 | D:4      | Noticed Duvessa
  2702 | D:4      | Killed from afar by Dowan

Vanquished Creatures
  3 adders
  An ufetubus (D:4)
  2 worms
  A dart slug (D:1)
  2 orcs
  9 ball pythons
  6 endoplasms
  A giant cockroach (D:4)
  5 goblins
  4 hobgoblins
  3 jackals (D:4)
  6 kobolds
  5 quokkas
  5 bats
  4 rats
57 creatures vanquished.

Vanquished Creatures (others)
  3 fungi (D:3)
  A plant (D:3)
4 creatures vanquished.

Grand Total: 61 creatures vanquished

Table legend: (Time is in decaauts)
 A = Elapsed time spent in this place.
 B = Non-inter-level travel time spent in this place.
 C = Inter-level travel time spent in this place.
 D = Time resting spent in this place.
 E = Time spent auto-exploring this place.
 F = Levels seen in this place.
 G = Mean time per level.
                   A        B        C        D        E       F      G
               +--------+--------+--------+--------+--------+-----+--------+
         Total |   2739 |   2610 |    129 |      6 |   2114 |   5 |  547.8 |
       Dungeon |   2699 |   2570 |    129 |      6 |   2114 |   4 |  674.8 |
        Temple |     39 |     39 |      0 |      0 |      0 |   1 |   39.0 |
               +--------+--------+--------+--------+--------+-----+--------+

Top non-repeatable levels by time:
     D:1: 1197 daAuts
     D:2: 671 daAuts
     D:4: 425 daAuts
     D:3: 405 daAuts
  Temple: 39 daAuts

Table legend:
 A = Non-vault XP
 B = Vault XP
 C = Vault XP percentage of total XP
 D = Non-vault monster count
 E = Vault monster count
 F = Vault count percentage of total count
                 A         B        C        D         E       F
            +---------+---------+-------+---------+---------+-------
      Total |     144 |       5 |   3.4 |      54 |       3 |   5.3
            +---------+---------+-------+---------+---------+-------
        D:1 |      39 |       5 |  11.4 |      22 |       3 |  12.0
        D:2 |      35 |       0 |   0.0 |      14 |       0 |   0.0
        D:3 |      33 |       0 |   0.0 |       9 |       0 |   0.0
        D:4 |      37 |       0 |   0.0 |       9 |       0 |   0.0
            +---------+---------+-------+---------+---------+-------
